cohdb
Replays
Latest Replays
All Replays
Popular Replays
Top Player Replays
Match Explorer
How It Works
Community
CoH3 Stats
Reddit
Sign in to upload your games and track your stats! →
Sign in with Steam
Match 42431652
Unlisted
Match 42431652
Overview
Messages
Build Orders
End
Panzergrenadier Squad
250 Light Carrier
Panzergrenadier Squad
Selects Armored Support Battlegroup
Panzergrenadier Squad
Construct Light Support Kompanie
Selects Superior Fire Drills
Construct Mechanized Kompanie
254 Reconnaissance Tractor
Panzerjäger Mechanized Group
Marder III Tank Destroyer
2.5-tonne Medical Truck
Construct Panzerarmee Kommand
Selects Salvage Kits
Selects Panzer Storm
Advanced Field Repairs
Panzerjäger Mechanized Group
Walking Stuka Rocket Launcher
Selects Stuka Anti-tank Loiter
Stuka Anti-tank Loiter
Assault Grenadier Squad
Walking Stuka Rocket Launcher
Veteran Squad Leaders
Stuka Anti-tank Loiter
Flak 36 Anti-tank Gun Team
Stuka Anti-tank Loiter
JDG
midmaster543210
A Rather Splendid Cromwell
마사장
STALKER4732
Pepe87
theGshovE
Minimizen
0
0
Comments
sign in to comment!
No comments posted yet!